Map: Para Site LE

Players

HellraiseR

  • Race: Protoss Protoss
  • League: Grandmaster
  • Spawn Location: 5:00

Lambo - Winner!

  • Race: Zerg Zerg
  • League: Grandmaster
  • Spawn Location: 11:00

VOD

Have the link to the VOD?

Description

Time

  • Played on: Jan. 6, 2019, 9:13 a.m.
  • Length: 37:23
Show
View Real Time Build Order
Export as new Build Order

HellraiseR Protoss 

Build Orders: 1 Gate Expand, Oracle Opening, Phoenix Opening, Carriers 

Get SALT Encoding   

  12  0:01  Probe  
  13  0:13  Probe  
  14  0:19  Pylon  
  14  0:22  Probe  
  15  0:33  Probe  
  15  0:38  Gateway  
  16  0:43  Probe  
  16  0:47  Assimilator  
  17  0:55  Probe  
  18  1:07  Probe  
  19  1:21  Nexus  
  19  1:24  Probe  
  20  1:34  Cybernetics Core  
  20  1:36  Probe  
  21  1:42  Assimilator  
  21  1:48  Probe  
  21  1:51  Pylon  
  22  1:58  Probe  
  23  2:02  Adept  
  23  2:06  Probe  
  23  2:15  Probe  
  26  2:22  Stargate  
  27  2:27  Probe  
  27  2:28  Adept  
  27  2:29  Probe  
  31  2:37  Probe  
  31  2:39  Probe  
  31  2:41  Warp Gate  
  33  2:48  Probe  
  35  2:51  Probe  
  35  2:57  Phoenix  
  35  3:00  Probe  
  35  3:03  Probe  
  37  3:11  Gateway  
  37  3:12  Probe  
  40  3:15  Oracle, Probe  
  40  3:17  Assimilator  
  40  3:19  Pylon  
  41  3:24  Probe  
  45  3:27  Probe  
  45  3:30  Assimilator  
  46  3:37  Probe  
  46  3:39  Probe  
  48  3:46  Forge  
  48  3:49  Probe  
  48  3:51  Oracle  
  48  3:52  Robotics Facility  
  48  3:54  Pylon  
  49  3:57  Probe  
  49  4:02  Probe  
  54  4:03  Protoss Ground Weapons Level 1  
  54  4:04  Pylon  
  54  4:12  Probe  
  54  4:14  Probe  
  56  4:24  Probe  
  56  4:26  Probe  
  56  4:27  Oracle  
  61  4:36  Probe  
  61  4:37  Pylon  
  62  4:39  Observer  
  62  4:40  Probe  
  62  4:43  Zealot x2  
  68  4:51  Nexus  
  68  4:55  Probe x2  
  70  5:04  Pylon  
  70  5:05  Oracle  
  73  5:10  Probe  
  73  5:12  Probe, Twilight Council  
  75  5:20  Immortal  
  75  5:22  Pylon  
  75  5:23  Probe  
  75  5:28  Sentry x2  
  84  5:30  Probe  
  84  5:31  Pylon  
  84  5:33  Protoss Ground Weapons Level 2  
  84  5:35  Probe  
  86  5:40  Pylon  
  86  5:42  Probe  
  87  5:47  Probe  
  88  5:51  Immortal  
  88  5:56  Probe, Blink  
  89  6:01  Probe  
  94  6:05  Gateway  
  94  6:06  Probe  
  94  6:08  Probe, Assimilator  
  96  6:13  Probe, Assimilator  
  96  6:14  Gateway  
  96  6:17  Sentry x2  
  101  6:22  Immortal  
  101  6:23  Probe  
  101  6:25  Probe  
  104  6:27  Gateway  
  104  6:28  Gateway  
  103  6:34  Probe  
  103  6:35  Probe  
  109  6:40  Probe  
  109  6:46  Probe  
  111  6:49  Probe  
  111  6:51  Warp Prism  
  111  6:52  Sentry x2  
  110  6:56  Gateway x2  
  110  7:01  Sentry  
  114  7:06  Pylon  
  114  7:07  Pylon  
  114  7:10  Stalker  
  116  7:16  Pylon  
  116  7:17  Stalker x2  
  116  7:22  Pylon  
  120  7:24  Stalker x3  
  126  7:39  Robotics Bay  
  126  7:40  Protoss Ground Weapons Level 3  
  126  7:45  Photon Cannon  
  126  7:48  Stalker x6  
  138  8:05  Nexus  
  138  8:07  Pylon  
  138  8:11  Stalker  
  138  8:12  Stalker x4  
  148  8:19  Stalker x3  
  159  8:38  Colossus  
  159  8:43  Probe x2  
  159  8:47  Robotics Facility  
  161  8:49  Pylon  
  161  8:55  Charge, Probe  
  162  8:58  Shield Battery  
  162  8:59  Shield Battery  
  162  9:01  Photon Cannon  
  162  9:04  Extended Thermal Lance  
  162  9:15  Templar Archives  
  162  9:17  Colossus  
  162  9:19  Colossus  
  174  9:38  Probe x2  
  174  9:40  Assimilator  
  174  9:43  Assimilator  
  174  9:45  Forge, Photon Cannon, Pylon  
  176  9:47  Photon Cannon  
  176  10:06  Zealot x4, Disruptor  
  176  10:07  Zealot x4  
  190  10:12  Pylon  
  190  10:13  Pylon  
  195  10:15  Pylon  
  195  10:17  Pylon  
  195  10:18  Protoss Shields Level 1  
  195  10:19  Protoss Air Weapons Level 1  
  195  10:24  Fleet Beacon  
  195  10:27  Stargate  
  195  10:28  Stargate  
  195  10:31  Observer  
  195  10:40  Zealot  
  197  10:47  Disruptor  
  191  10:51  Disruptor  
  183  11:17  Mothership  
  183  11:18  Protoss Ground Armor Level 1  
  175  11:19  Zealot x2  
  175  11:20  Zealot x6  
  194  11:28  Gateway  
  194  11:30  Carrier  
  197  11:33  Nexus  
  197  11:36  Pylon  
  197  11:42  Observer  
  196  11:57  Carrier x2  
  196  12:15  Protoss Shields Level 2  
  188  12:21  Stargate  
  182  12:24  Stargate  
  182  12:27  Zealot x9  
  196  12:31  Carrier  
  196  12:33  Protoss Air Weapons Level 2  
  192  12:51  Zealot x3  
  192  12:52  Zealot  
  200  13:03  Assimilator  
  200  13:07  Assimilator  
  200  13:08  Protoss Ground Armor Level 2  
  200  13:09  Photon Cannon  
  200  13:11  Photon Cannon  
  200  13:14  Photon Cannon  
  200  13:15  Photon Cannon  
  200  13:17  Photon Cannon  
  200  13:18  Shield Battery  
  200  13:19  Shield Battery  
  200  13:20  Carrier  
  200  13:21  Pylon  
  200  13:27  Carrier x2  
  200  13:28  Cybernetics Core  
  192  13:41  Void Ray  
  194  13:42  Void Ray  
  198  14:01  Protoss Air Armor Level 1  
  191  14:24  Carrier  
  191  14:30  Void Ray  
  198  14:32  Protoss Shields Level 3  
  198  14:33  Void Ray  
  196  14:46  Dark Shrine  
  195  15:01  Void Ray  
  199  15:07  Pylon  
  199  15:09  Pylon  
  199  15:11  Observer  
  199  15:16  Carrier  
  200  15:27  Protoss Air Weapons Level 3  
  200  15:32  Void Ray  
  200  15:35  Carrier  
  164  15:46  Carrier x2  
  164  15:49  Observer x2  
  182  16:17  Observer, Zealot x9  
  200  16:24  Observer  
  200  16:30  Protoss Ground Armor Level 3  
  198  16:46  Zealot x7  
  198  16:47  Zealot  
  200  16:49  Nexus  
  200  16:52  Protoss Air Armor Level 2  
  196  17:07  Void Ray  
  196  17:10  Psionic Storm  
  198  17:35  Carrier x2  
  184  17:45  Carrier  
  184  17:49  Carrier  
  194  17:54  Carrier  
  194  17:56  Pylon  
  194  18:11  High Templar x3  
  200  18:19  Photon Cannon  
  200  18:46  Photon Cannon x2  
  200  18:47  Shield Battery  
  200  18:48  Pylon  
  200  18:52  Photon Cannon  
  200  18:54  Protoss Air Armor Level 3  
  200  19:20  Assimilator  
  200  19:21  Assimilator  
  200  19:46  Carrier  
  200  19:47  Carrier  
  199  19:55  Nexus  
  181  20:13  Zealot x6  
  181  20:14  Zealot x3  
  199  20:17  Shadow Stride  
  199  20:22  Pylon  
  199  20:25  Pylon  
  199  20:30  Observer  
  200  20:37  Carrier  
  198  20:58  Gateway  
  198  20:59  Gateway  
  198  21:01  Gateway, Photon Cannon  
  190  21:05  Gateway  
  190  21:07  Gateway, Photon Cannon  
  190  21:08  Shield Battery  
  188  21:13  High Templar x6  
  200  21:26  Gateway  
  200  21:27  Gateway  
  200  21:28  Pylon  
  200  21:37  Oracle  
  200  22:26  Gateway  
  200  22:27  Gateway  
  198  22:52  Stalker  
  174  23:27  Mothership  
  164  23:36  Zealot x3  
  164  23:37  Zealot x7  
  164  23:38  Zealot x6  
  164  23:39  Zealot x2  
  188  23:55  Assimilator  
  188  23:56  Assimilator  
  188  23:59  Pylon  
  195  24:04  Void Ray x2  
  195  24:07  Void Ray  
  191  24:14  Void Ray x2  
  195  24:20  Warp Prism  
  178  24:35  High Templar x11  
  200  24:39  Archon x2  
  200  24:40  Archon x3  
  200  25:13  Nexus  
  200  25:14  Pylon  
  200  25:17  Pylon  
  194  25:52  Photon Cannon  
  194  25:53  Photon Cannon  
  194  25:54  Photon Cannon x2  
  194  25:56  Photon Cannon, Shield Battery  
  194  25:58  Pylon  
  194  25:59  Zealot  
  194  26:01  Photon Cannon x2  
  194  26:03  Zealot x2  
  200  26:04  Shield Battery  
  198  26:14  Zealot  
  198  26:15  Zealot  
  195  26:26  Probe x2  
  195  26:27  Probe x3  
  194  27:00  Oracle  
  194  27:07  Oracle  
  197  27:34  Photon Cannon  
  197  27:37  Pylon  
  197  27:56  Assimilator  
  197  27:58  Assimilator  
  197  28:00  Pylon  
  197  28:12  Zealot x2  
  195  28:13  Zealot  
  195  28:15  Observer  
  194  28:59  Dark Templar x3  
  190  29:30  Zealot x7  
  190  29:31  Zealot x9  
  109  29:54  Stalker x8  
  109  29:55  Stalker x9  
  109  29:56  Stalker  
  113  30:19  Stalker x3  
  113  30:20  Stalker x15  
  125  30:44  Zealot x4  
  125  30:45  Zealot x9  
  137  31:11  High Templar x5  
  137  31:12  High Templar x13  
  137  31:18  Archon x5  
  165  31:19  Archon x2  
  165  31:20  Archon  
  163  31:27  Archon  
  163  31:28  Observer  
  150  31:43  Assimilator  
  150  31:48  Zealot x3  
  150  31:49  Zealot x5  
  150  31:52  Observer x2, High Templar x4  
  150  31:53  Stalker x3  
  150  31:54  Stalker x3  
  186  31:55  Archon  
  186  31:56  Archon  
  186  32:43  Zealot x7  
  200  33:20  Gravitic Boosters  
  190  33:59  Tempest x2  
  190  34:00  Tempest  
  190  34:02  Tempest  
  182  34:03  Tempest  
  187  34:15  High Templar  
  187  34:16  High Templar x5  
  191  34:32  Dark Templar  
  191  34:33  Oracle  
  191  34:37  Oracle  
  196  35:02  Nexus  
  196  35:03  Pylon  
  196  35:11  Zealot  
  198  35:32  Zealot  
  198  35:33  Zealot x4  
  187  35:47  Oracle  
  126  36:07  Zealot x10  
  126  36:08  Zealot x6  
  117  36:34  Zealot x10  
  117  36:35  Zealot x2  
  129  36:43  Observer  
Show
View Real Time Build Order
Export as new Build Order

Lambo Zerg - Winner!

Build Orders: Hatch First, Brood Lord Corruptor, Lurkers 

Get SALT Encoding   

  12  0:00  Drone  
  13  0:13  Overlord  
  13  0:16  Drone  
  14  0:32  Drone x2  
  16  0:48  Hatchery  
  15  0:51  Drone  
  15  0:55  Drone  
  17  0:58  Drone  
  18  1:10  Extractor  
  17  1:14  Spawning Pool  
  17  1:17  Drone  
  17  1:20  Drone  
  18  1:28  Drone  
  19  1:40  Drone  
  20  1:51  Overlord  
  20  2:01  Queen x2  
  20  2:03  Zergling x2  
  20  2:06  Drone  
  26  2:12  Drone  
  26  2:13  Drone  
  28  2:22  Drone  
  29  2:26  Drone  
  30  2:35  Hatchery  
  29  2:37  Pneumatized Carapace  
  29  2:38  Drone  
  29  2:44  Drone x2  
  31  2:46  Overlord  
  32  2:54  Drone  
  32  2:58  Drone  
  34  3:03  Queen  
  36  3:10  Drone x2  
  36  3:12  Drone  
  39  3:13  Drone  
  39  3:14  Overlord  
  39  3:16  Drone x2  
  42  3:22  Drone  
  42  3:24  Overlord  
  43  3:29  Drone  
  43  3:33  Drone x2  
  46  3:44  Drone x4  
  46  3:47  Spore Crawler  
  46  3:48  Queen  
  49  3:49  Metabolic Boost  
  49  3:51  Queen  
  53  3:56  Spore Crawler, Drone x3  
  53  4:01  Drone x2  
  57  4:07  Overlord  
  57  4:15  Drone  
  57  4:18  Drone x2  
  58  4:24  Overlord  
  58  4:25  Overlord  
  58  4:26  Drone x6  
  58  4:30  Lair  
  64  4:32  Roach Warren  
  64  4:34  Extractor  
  64  4:35  Extractor, Drone x2  
  64  4:37  Drone  
  64  4:41  Overlord  
  64  4:43  Queen  
  66  4:47  Drone x2  
  66  4:50  Extractor x2  
  66  4:51  Drone  
  66  4:52  Evolution Chamber  
  66  4:53  Drone  
  66  4:57  Overlord, Drone x2  
  66  4:59  Spore Crawler  
  68  5:03  Drone x2  
  68  5:07  Drone x3  
  68  5:08  Queen  
  68  5:10  Drone x2  
  75  5:16  Drone x2  
  75  5:17  Extractor  
  75  5:21  Drone x2  
  78  5:25  Zerg Missile Weapons Level 1  
  78  5:26  Drone  
  78  5:27  Drone x2  
  78  5:28  Evolution Chamber, Baneling Nest  
  79  5:37  Zergling x6  
  79  5:38  Drone  
  79  5:41  Hatchery, Hydralisk Den  
  81  5:55  Hatchery, Drone x3  
  81  5:56  Drone x3  
  86  5:57  Drone  
  86  5:58  Drone x2  
  86  6:00  Zerg Melee Weapons Level 1  
  86  6:01  Overlord, Overseer  
  86  6:03  Drone  
  86  6:04  Overlord  
  90  6:06  Overlord  
  90  6:13  Grooved Spines  
  90  6:18  Overlord  
  90  6:20  Overlord  
  90  6:26  Spore Crawler  
  90  6:27  Drone x8  
  90  6:31  Hydralisk x2, Drone  
  90  6:32  Infestation Pit  
  101  6:35  Hydralisk  
  103  6:44  Hydralisk x5  
  112  6:53  Drone x3  
  114  7:02  Drone x6  
  114  7:05  Hatchery  
  114  7:06  Extractor  
  114  7:07  Hydralisk x2  
  122  7:10  Extractor  
  121  7:16  Spire  
  121  7:21  Queen  
  121  7:23  Drone  
  121  7:24  Drone x2  
  121  7:25  Muscular Augments, Drone  
  121  7:26  Hydralisk x2  
  129  7:31  Hydralisk x2  
  129  7:32  Zergling x4  
  129  7:34  Overlord x2  
  135  7:37  Overlord  
  135  7:39  Overlord  
  135  7:43  Zergling x2  
  136  7:46  Spine Crawler, Baneling x4  
  136  7:51  Overlord  
  136  7:54  Baneling x4  
  136  7:57  Overlord  
  136  7:59  Overlord  
  136  8:03  Hydralisk  
  136  8:04  Hydralisk x10  
  158  8:09  Baneling x2  
  158  8:10  Centrifical Hooks  
  158  8:13  Zergling x8  
  158  8:19  Hydralisk x2, Lurker Den  
  162  8:23  Hydralisk x2  
  166  8:27  Zergling x4  
  166  8:28  Zergling x2  
  166  8:31  Extractor x2, Hive  
  164  8:35  Baneling x6  
  164  8:37  Zergling x8  
  167  8:46  Evolution Chamber  
  167  8:47  Evolution Chamber  
  165  8:52  Zergling x2  
  165  8:53  Zergling x24  
  178  8:58  Overlord  
  178  8:59  Overlord  
  178  9:00  Overlord  
  179  9:02  Zergling x2  
  179  9:03  Zergling x2  
  180  9:13  Overlord, Spire  
  179  9:22  Overseer  
  179  9:25  Zerg Melee Weapons Level 2, Zerg Missile Weapons Level 2  
  175  9:32  Drone x5  
  180  9:44  Adaptive Talons  
  180  9:46  Adrenal Glands  
  180  9:48  Hatchery  
  179  10:12  Lurker x12  
  179  10:14  Zergling x18  
  194  10:18  Extractor  
  194  10:20  Extractor, Lurker  
  199  10:24  Zergling x2  
  199  10:33  Spine Crawler  
  199  10:34  Spine Crawler  
  199  10:35  Drone x2  
  199  10:37  Spine Crawler x2  
  199  10:38  Spine Crawler  
  199  10:39  Overlord, Greater Spire  
  196  10:44  Zergling x16  
  196  10:48  Hydralisk x6  
  197  10:52  Corruptor  
  197  10:53  Corruptor  
  199  10:58  Corruptor x2  
  199  11:03  Drone x3  
  182  11:04  Drone x3  
  182  11:11  Corruptor x2  
  166  11:14  Drone x3  
  166  11:15  Drone x6  
  166  11:16  Drone  
  166  11:17  Lurker  
  174  11:29  Corruptor x2  
  177  11:34  Spine Crawler, Zergling x18  
  177  11:35  Spine Crawler  
  177  11:36  Spine Crawler  
  177  11:39  Spine Crawler  
  176  11:54  Brood Lord x4  
  176  12:00  Brood Lord  
  186  12:03  Zerg Flyer Weapons Level 1  
  185  12:13  Brood Lord  
  167  12:18  Brood Lord  
  167  12:21  Pathogen Glands  
  163  12:27  Brood Lord  
  157  12:45  Corruptor x3  
  163  12:51  Overseer  
  163  12:53  Drone x2  
  163  12:54  Drone x3  
  163  12:55  Drone x9  
  177  12:59  Spine Crawler, Drone x2  
  177  13:00  Drone x5  
  177  13:02  Spine Crawler  
  177  13:04  Zerg Melee Weapons Level 3  
  177  13:05  Zerg Ground Armor Level 1  
  182  13:14  Burrow  
  182  13:15  Infestor  
  182  13:18  Neural Parasite  
  182  13:19  Zergling x10  
  189  13:35  Overlord  
  189  13:37  Overlord  
  189  13:43  Overlord  
  189  13:46  Overlord  
  189  13:48  Overlord  
  189  13:49  Overlord  
  189  13:53  Overlord  
  182  14:05  Overlord  
  182  14:06  Infestor x9  
  182  14:07  Extractor  
  196  14:15  Spore Crawler  
  195  14:18  Spore Crawler  
  195  14:20  Infestor x2  
  195  14:22  Overseer  
  195  14:23  Queen, Spore Crawler  
  199  14:29  Drone x3  
  200  14:32  Spine Crawler  
  200  14:35  Spine Crawler  
  200  14:37  Spine Crawler, Zerg Flyer Weapons Level 2  
  197  14:40  Drone x2  
  197  14:41  Drone  
  197  14:42  Spire  
  197  14:44  Zergling x2  
  200  14:48  Overseer x2  
  197  15:02  Spine Crawler, Drone x3  
  197  15:03  Drone  
  197  15:06  Spine Crawler  
  199  15:18  Brood Lord  
  197  15:38  Infestor x3  
  197  15:41  Hydralisk x3  
  200  16:03  Hatchery  
  197  16:13  Overlord x2  
  197  16:15  Overlord  
  197  16:25  Zerg Flyer Armor Level 1  
  193  16:26  Spire  
  191  16:33  Infestor x4  
  196  16:46  Infestor x3  
  200  16:48  Overseer  
  200  16:50  Overseer x3  
  161  17:37  Hydralisk x21  
  161  17:43  Infestor x6  
  198  17:46  Hydralisk  
  200  18:03  Spore Crawler x2  
  200  18:05  Spore Crawler  
  197  18:07  Zerg Missile Weapons Level 3, Zerg Ground Armor Level 2  
  197  18:10  Overseer x2  
  197  18:11  Overseer  
  197  18:18  Zerg Flyer Weapons Level 3  
  197  18:22  Spore Crawler  
  197  18:24  Spore Crawler x2  
  197  18:25  Spore Crawler  
  197  18:26  Zerg Flyer Armor Level 2  
  193  18:29  Infestor x2  
  197  18:38  Overseer x2  
  197  19:04  Spore Crawler x2  
  197  19:05  Spore Crawler  
  197  19:07  Infestor x3  
  200  19:10  Spore Crawler  
  199  19:21  Overseer  
  199  19:24  Extractor, Infestor  
  198  19:25  Hatchery  
  198  19:29  Extractor  
  174  20:03  Corruptor x12  
  188  20:10  Hydralisk x2  
  177  20:22  Drone x6  
  177  20:23  Drone x6  
  189  20:39  Brood Lord x2  
  191  20:43  Infestor  
  193  20:55  Queen x3  
  199  21:04  Overseer  
  199  21:05  Drone  
  199  21:07  Spore Crawler x4  
  199  21:08  Spore Crawler x2  
  199  21:09  Spore Crawler  
  193  21:11  Zerg Flyer Armor Level 3  
  193  21:14  Corruptor x3  
  199  21:37  Spore Crawler  
  199  21:38  Spore Crawler x2, Drone x3  
  199  21:42  Spore Crawler  
  199  21:43  Spore Crawler  
  197  21:50  Infestor  
  199  21:55  Hatchery  
  199  21:56  Extractor  
  199  21:57  Extractor  
  191  22:12  Spore Crawler  
  191  22:13  Spore Crawler, Drone x4  
  191  22:14  Extractor, Drone x2  
  194  22:17  Infestor x3  
  200  22:58  Zerg Ground Armor Level 3  
  180  23:30  Corruptor x13  
  196  24:00  Infestor  
  196  24:01  Infestor  
  198  24:17  Overlord x2  
  194  24:27  Spine Crawler  
  194  24:28  Spore Crawler x2  
  194  24:29  Spore Crawler x3  
  188  24:31  Spore Crawler  
  188  24:33  Spore Crawler  
  188  24:37  Overseer  
  186  24:41  Spore Crawler  
  186  24:42  Brood Lord, Spore Crawler  
  186  24:44  Spore Crawler  
  185  24:45  Brood Lord  
  187  25:02  Drone x3  
  187  25:04  Corruptor  
  192  25:13  Overseer  
  192  25:22  Zergling x2  
  192  25:25  Zergling x14  
  200  25:49  Spore Crawler  
  192  26:33  Spine Crawler x2  
  192  26:34  Infestor  
  192  26:35  Infestor x4  
  194  26:48  Drone x3  
  197  26:56  Spore Crawler x4, Evolution Chamber  
  197  26:57  Spore Crawler  
  197  26:59  Spore Crawler  
  190  27:17  Infestor x4  
  198  28:24  Corruptor  
  200  28:56  Hatchery  
  199  29:10  Extractor  
  199  29:11  Extractor  
  173  29:43  Corruptor x7  
  187  29:45  Overlord  
  187  29:55  Overlord x2  
  187  29:59  Overlord x3  
  184  30:10  Overlord x4  
  171  30:14  Spine Crawler  
  171  30:16  Spine Crawler  
  171  30:17  Spine Crawler  
  147  30:27  Drone x3  
  147  30:28  Drone x11  
  131  30:36  Brood Lord x9  
  152  30:42  Drone x3  
  152  30:47  Zergling x12  
  152  30:57  Queen x4, Zergling x10  
  154  31:02  Hydralisk x4  
  168  31:06  Zergling x2  
  168  31:09  Queen  
  159  31:20  Drone x5  
  159  31:30  Spine Crawler x2  
  159  31:31  Spine Crawler  
  159  31:32  Queen, Spine Crawler x2  
  150  31:33  Queen  
  150  31:35  Drone x2  
  150  31:36  Drone  
  150  31:37  Drone x6  
  163  31:40  Lurker  
  163  31:41  Lurker  
  165  31:50  Lurker, Zergling x18  
  175  32:04  Hatchery  
  174  32:15  Hatchery  
  172  32:23  Brood Lord x2  
  172  32:26  Drone x3  
  172  32:27  Drone x4  
  183  32:31  Lurker  
  184  32:39  Spine Crawler  
  184  32:41  Extractor  
  184  32:43  Lurker  
  183  32:50  Drone x3  
  187  32:59  Overlord x2  
  186  33:05  Overlord  
  186  33:07  Lurker x3  
  186  33:08  Overlord  
  186  33:12  Spine Crawler x2  
  187  33:14  Spine Crawler  
  187  33:16  Spine Crawler  
  187  33:18  Spine Crawler  
  183  33:27  Brood Lord  
  185  33:32  Brood Lord  
  187  33:36  Zergling x26  
  189  33:52  Zergling x14  
  192  34:18  Brood Lord  
  187  34:45  Hydralisk x7  
  199  35:00  Spine Crawler  
  199  35:01  Spine Crawler  
  195  35:37  Hydralisk x2  
  194  35:54  Hydralisk x2  
  191  36:09  Infestor x3  
  187  36:18  Hydralisk  
  187  36:19  Hydralisk x5  
  185  36:42  Hydralisk  
  185  36:43  Zergling x26  
  196  36:56  Hydralisk x3  
Tags
 
Add a new tag
Caveats
  • Supply blocks, unpowered buildings, or Contaminate may cause inaccurate times.
  • Supply counts are checked every 10 seconds.